Map: Terraform LE (Void)

Players

wabbajack - Winner!

  • Race: Terran Terran
  • League: Grandmaster

FoNDeRx

  • Race: Terran Terran
  • League: Grandmaster

VOD

Have the link to the VOD?

Description

Time

  • Played on: July 14, 2015, 5:07 p.m.
  • Length: 5:13
Show
View Real Time Build Order
Export as new Build Order

wabbajack Terran - Winner!

Build Orders:  

Get SALT Encoding   

  12  0:01  SCV  
  13  0:13  SCV  
  14  0:20  Supply Depot  
  14  0:25  SCV  
  15  0:30  Refinery  
  15  0:44  Barracks  
  15  0:47  SCV  
  16  1:01  SCV  
  17  1:13  SCV, Supply Depot  
  18  1:25  SCV  
  19  1:39  Marine  
  20  1:42  Factory  
  20  1:46  Refinery, Orbital Command  
  20  1:57  Marine  
  21  2:12  SCV  
  22  2:16  Barracks Reactor  
  22  2:24  SCV  
  22  2:27  Supply Depot  
  23  2:31  Armory  
  23  2:36  SCV  
  24  2:45  Factory  
  24  2:54  Factory Tech Lab  
  24  2:56  SCV  
  24  2:57  Marine x2  
  27  3:03  Supply Depot  
  27  3:08  SCV  
  28  3:15  Marine x2  
  30  3:22  Thor  
  36  3:31  Starport  
  36  3:37  Marine x2  
  36  3:40  SCV  
  39  3:49  Supply Depot  
  39  3:55  Marine x2  
  41  4:19  Marine x2  
  43  4:24  Thor  
  43  4:27  Medivac  
  51  4:34  SCV, Supply Depot  
  51  4:35  Supply Depot  
  52  4:40  Marine x2  
  54  4:46  SCV  
Show
View Real Time Build Order
Export as new Build Order

FoNDeRx Terran 

Build Orders: Command Center First (CC) 

Get SALT Encoding   

  12  0:01  SCV  
  13  0:13  SCV  
  14  0:18  Supply Depot  
  14  0:25  SCV  
  15  0:39  SCV  
  16  0:52  SCV  
  17  1:02  Command Center  
  17  1:06  SCV  
  18  1:15  Barracks  
  18  1:18  SCV  
  19  1:31  SCV  
  20  1:33  Refinery  
  20  1:34  Refinery  
  20  1:43  SCV  
  22  2:05  Supply Depot  
  21  2:08  Orbital Command  
  21  2:14  Marine, Orbital Command  
  22  2:22  Supply Depot  
  22  2:32  Marine  
  22  2:35  Factory  
  23  2:39  SCV  
  23  2:42  SCV  
  25  2:50  Marine  
  26  2:54  Supply Depot  
  26  2:55  SCV  
  26  2:56  SCV  
  28  3:07  SCV  
  28  3:08  SCV, Marine  
  31  3:18  Widow Mine  
  33  3:20  SCV, Starport  
  33  3:21  SCV  
  33  3:26  Marine  
  36  3:29  Supply Depot  
  36  3:32  SCV  
  36  3:33  SCV  
  38  3:45  SCV x2, Marine  
  38  3:47  Widow Mine  
  43  3:56  Refinery  
  43  3:57  SCV x2  
  43  3:58  Refinery  
  43  3:59  Bunker  
  43  4:01  Medivac  
  47  4:03  Marine  
  47  4:09  SCV x2  
  50  4:11  Supply Depot  
  50  4:16  Armory  
  50  4:18  Widow Mine  
  50  4:21  SCV x2, Marine  
  55  4:34  Supply Depot, Starport Tech Lab  
  55  4:40  Starport  
Tags
 
Add a new tag
Caveats
  • Supply blocks, unpowered buildings, or Contaminate may cause inaccurate times.
  • Supply counts are checked every 10 seconds.